 Dungeon Crawl Stone Soup version 0.29.1-12-g30fa7ad0bf (webtiles) character file.

Game seed: 14818283321997834478

7711 suse60 the Fighter (level 11, -4/92 HPs)
             Began as a Formicid Fighter on Jan 15, 2023.
             Was a Priest of Okawaru.
             Succumbed to an orange demon's poison
             ... on level 11 of the Dungeon on Jan 16, 2023.
             The game lasted 01:10:20 (10876 turns).

suse60 the Fighter (Formicid Fighter)              Turns: 10876, Time: 01:10:23

Health: -4/92      AC: 18    Str: 31    XL:     11   Next: 42%
Magic:  0/15       EV:  8    Int:  8    God:    Okawaru [***...]
Gold:   158        SH:  7    Dex: 20    Spells: 10/10 levels left

rFire   x . .      SeeInvis +   n - +9 trident of Peaneas {protect, rF- Dex+7}
rCold   . . .      Faith    .   c - +1 buckler
rNeg    + . .      Spirit   +   x - +0 chain mail {rN+}
rPois   .          Reflect  .   (helmet unavailable)
rElec   .          Harm     .   (no cloak)
rCorr   .          Rampage  .   j - +2 pair of gloves
Will    +....                   d - +2 pair of boots
Stlth   ..........              u - amulet of guardian spirit
HPRegen 0.25/turn               k - +6 ring of strength
MPRegen 0.14/turn               (no ring)

@: lethally poisoned (-4 -> -35)
A: permanent stasis, dig shafts and tunnels, antennae 3, four strong arms
a: Dig, Shaft Self, Renounce Religion, Heroism


You were on level 11 of the Dungeon.
You worshipped Okawaru.
Okawaru was most pleased with you.
You visited 2 branches of the dungeon, and saw 12 of its levels.

You collected 880 gold pieces.
You spent 722 gold pieces at shops.

Inventory:

Hand Weapons
 a - a +3 shortbow of flaming
 n - the +9 trident of Peaneas (weapon) {protect, rF- Dex+7}
   (You found it on level 4 of the Dungeon)

   It grants its wielder temporary protection when it strikes (+7 to AC).
   Dex:       It affects your dexterity (+7).
   rF:        It makes you vulnerable to fire.
Missiles
 s - 3 throwing nets
Armour
 c - a +1 buckler (worn)
 d - a +2 pair of boots (worn)
 j - a +2 pair of gloves (worn)
 x - a +0 chain mail of positive energy (worn)
Jewellery
 k - a +6 ring of strength (left hand)
 u - an amulet of guardian spirit (around neck)
Wands
 o - a wand of paralysis (4)
 v - a wand of digging (2)
 y - a wand of flame (10)
Scrolls
 b - a scroll of brand weapon
 f - 6 scrolls of magic mapping
 g - 2 scrolls of fear
 t - a scroll of butterflies
Potions
 e - 5 potions of curing
 l - 2 potions of invisibility
 m - 4 potions of flight
 q - 2 potions of brilliance
 r - 2 potions of might
 w - a potion of magic


   Skills:
 - Level 10.7 Fighting
 - Level 4.9(8.0) Axes
 - Level 9.9(10.4) Polearms
 - Level 9.0 Armour
 + Level 0.0 Dodging
 - Level 4.0 Shields
 - Level 5.8 Invocations


You had 10 spell levels left.
You didn't know any spells.
Your spell library contained the following spells:

 Spells                   Type           Power      Damage    Failure   Level
 Freeze                   Ice            0%         1d3       91%         1
 Ensorcelled Hibernation  Hex/Ice        0%         N/A       97%         2
 Ignite Poison            Fire/Tmut/Pois 0%         N/A       99%         3
 Mephitic Cloud           Conj/Pois/Air  0%         N/A       99%         3
 Spider Form              Tmut/Pois      0%         N/A       99%         3
 Anguish                  Hex/Necr       0%         N/A       100%        4
 Flame Wave               Conj/Fire      0%         2d4       100%        4
 Freezing Cloud           Conj/Ice/Air   0%         6-21      100%        5
 Iskenderun's Battlesphe  Conj           0%         2d6       100%        5
 Chain Lightning          Conj/Air       0%         N/A       100%        9


Dungeon Overview and Level Annotations

Branches:
Dungeon (11/15)            Temple (1/1) D:5            Lair (0/5) D:11
    Orc (0/2) D:10

Altars:
Ashenzari
Cheibriados
Dithmenos
Elyvilon
Fedhas
Gozag
Hepliaklqana
Kikubaaqudgha
Makhleb
Nemelex Xobeh
Okawaru
Qazlal
Ru
Sif Muna
Trog
Uskayaw
Vehumet
Wu Jian
Xom
Yredelemnul
Zin
The Shining One

Shops:
D:1 *   D:9 ([(?

Annotations:
D:3 1 runed translucent door, Pegasus's ghost, amateur OgFE
D:11 exclusion: obsidian statue


Innate Abilities, Weirdness & Mutations

You cannot be hasted, slowed, berserked, paralysed or teleported.
You can dig through walls and to a lower floor.
You have a pair of large antennae on your head. (SInv)
Your four strong arms can wield two-handed weapons with a shield.


Message History

The ufetubus closely misses you. The ufetubus hits you.
You feel better. The ufetubus hits you. x2
The orange demon stings you from afar!
You are poisoned.
The orange demon poisons you!
Unknown command.
You feel better. The ufetubus hits you. The ufetubus closely misses you.
You block the orange demon's attack. You block the ufetubus's attack.
The ufetubus hits you.
You hit the ufetubus.
You kill the ufetubus!
The ufetubus disappears in a puff of smoke!
The orange demon stings you from afar.
You are poisoned.
The orange demon poisons you!
You feel very sick.
The obsidian statue's eyes glow briefly.
The ice devil hits you!
* * * LOW HITPOINT WARNING * * *
The ice devil freezes you!
* * * LOW HITPOINT WARNING * * *
The orange demon stings you!
* * * LOW HITPOINT WARNING * * *
You are lethally poisoned!
The orange demon poisons you! The orange demon hits you.
* * * LOW HITPOINT WARNING * * *
You cannot move away from the obsidian statue!
You feel much better.
* * * LOW HITPOINT WARNING * * *
You feel extremely sick.
The orange demon disappears in a puff of smoke!
The ice devil hits you.
* * * LOW HITPOINT WARNING * * *
The ice devil freezes you!!
* * * LOW HITPOINT WARNING * * *
Your magical effects are unravelling.
You feel magically purged.
You break out of your daze.
You are no longer corroded.
You die...

,*
#.#######..........,,,,,,,,,
,* #.# ####.......,,,,,***,
,* #)# *.......,,,,** ** **
#.# #.....8....,* #.#
#.....!!...,* #.#
#.....5....,* #.#
#..........,* #.#
#######3§......,,,* #.#
#<....@4§.5...,,,,* #.#
########...###,,,**
#.###########...# ***,*
#..§..........### *,*
#.############# *,* ### ***


You could see an obsidian statue, an ice devil (summoned), a neqoxec (summoned),
an iron imp (summoned) and a white imp (summoned).

Vanquished Creatures
  A boulder beetle (D:9)
  A two-headed ogre (D:10)
  Pikel (D:5)
  Psyche (D:8)
  A shadow (D:10)
  3 wyverns
  5 yaks (D:10)
  Grum (D:11)
  A steam dragon (D:10)
  2 wargs (D:11)
  An acid dragon (D:10)
  Duvessa (D:5)
  An orc warrior (D:10)
  3 wolves (D:11)
  An ogre (D:4)
  A centaur (D:7)
  2 phantoms
  3 lemures (D:5)
  2 kobold brigands
  4 bullfrogs
  2 gnoll sergeants
  A scorpion (D:5)
  9 wights
  Dowan (D:5)
  11 killer bees
  2 electric eels (D:9)
  8 howler monkeys
  4 hounds
  A gnoll bouda (D:4)
  4 orc priests
  5 iguanas
  15 orc wizards
  14 gnolls
  7 adders
  A shadow imp (D:7)
  2 white imps
  3 ufetubi
  2 worms (D:2)
  A dart slug (D:1)
  33 orcs
  9 ball pythons
  9 bats
  5 endoplasms
  6 giant cockroaches
  8 goblins
  12 hobgoblins
  8 jackals (D:1)
  2 quokkas
  6 frilled lizards
  17 kobolds
  3 rats
247 creatures vanquished.

Vanquished Creatures (others)
  A sky beast (D:7)
  A plant (D:11)
2 creatures vanquished.

Grand Total: 249 creatures vanquished

Notes
Turn   | Place    | Note
-------+----------+-------------------------------------------
     0 | D:1      | suse60 the Formicid Fighter began the quest for the Orb.
     0 | D:1      | Reached XP level 1. HP: 18/18 MP: 1/1
   119 | D:1      | Found Diepinih's Assorted Antiques.
   319 | D:1      | Reached XP level 2. HP: 24/24 MP: 2/2
   321 | D:1      | Found a faded altar of an unknown god.
   617 | D:1      | Reached XP level 3. HP: 20/30 MP: 3/3
   784 | D:1      | Reached skill level 4 in Fighting
  1034 | D:1      | Got the Volume of Forceful Hoarfrost
  1685 | D:2      | Reached XP level 4. HP: 37/37 MP: 4/4
  2457 | D:2      | Reached XP level 5. HP: 40/43 MP: 5/5
  2917 | D:3      | Found a runed translucent door.
  2920 | D:3      | Noticed Pegasus's ghost (amateur OgFE)
  3334 | D:4      | Reached skill level 5 in Fighting
  3451 | D:4      | Identified the +9 trident of Peaneas {protect, rF- Dex+7}
  3487 | D:4      | Noticed an ogre
  3496 | D:4      | Killed an ogre
  3497 | D:4      | Reached XP level 6. HP: 44/52 MP: 6/6
  3650 | D:4      | Reached skill level 6 in Fighting
  4212 | D:4      | Reached XP level 7. HP: 58/58 MP: 7/7
  4430 | D:5      | Entered Level 5 of the Dungeon
  4515 | D:5      | Reached skill level 1 in Polearms
  4592 | D:5      | Noticed Duvessa
  4593 | D:5      | Noticed Dowan
  4622 | D:5      | Killed Duvessa
  4623 | D:5      | Reached skill level 7 in Fighting
  4737 | D:5      | Reached XP level 8. HP: 67/67 MP: 8/8
  4751 | D:5      | Noticed Pikel
  4899 | D:5      | Killed Dowan
  5160 | D:5      | Killed Pikel
  5161 | D:5      | Reached skill level 8 in Fighting
  5161 | D:5      | Reached skill level 5 in Polearms
  5422 | D:5      | Found a staircase to the Ecumenical Temple.
  5427 | Temple   | Entered the Ecumenical Temple
  5674 | D:6      | Found a blossoming altar of Fedhas.
  5752 | D:6      | Reached XP level 9. HP: 69/75 MP: 9/9
  5865 | D:6      | Reached skill level 9 in Fighting
  5962 | D:6      | Found an ornate altar of the Wu Jian Council.
  6516 | D:1      | Bought a scroll labelled LOSKUS ECKI for 32 gold pieces
  6516 | D:1      | Bought a scroll labelled VUITOU LYTAMAE for 32 gold pieces
  6516 | D:1      | Bought a scroll of enchant armour for 240 gold pieces
  6762 | D:7      | Found a bloodstained altar of Trog.
  6965 | D:7      | Reached skill level 10 in Fighting
  7318 | D:8      | Noticed Psyche
  7321 | D:8      | Killed Psyche
  7373 | D:8      | Reached XP level 10. HP: 85/86 MP: 10/10
  7499 | D:8      | Found a burning altar of Makhleb.
  7600 | D:8      | Found an iron altar of Okawaru.
  7608 | D:8      | Became a worshipper of Warmaster Okawaru
  8046 | D:8      | You fall into a shaft and drop 3 floors!
  8047 | D:11     | Noticed an obsidian statue
  8212 | D:11     | Noticed a cyclops
  8233 | D:10     | Entered Level 10 of the Dungeon
  8377 | D:10     | Noticed a two-headed ogre
  8396 | D:10     | Killed a two-headed ogre
  8396 | D:10     | Reached * piety under Okawaru
  8477 | D:10     | Reached skill level 1 in Invocations
  8507 | D:10     | Found a staircase to the Orcish Mines.
  8644 | D:10     | Reached skill level 5 in Armour
  8648 | D:10     | Reached ** piety under Okawaru
  8905 | D:10     | Reached XP level 11. HP: 90/92 MP: 13/13
  9457 | D:9      | Found Lamib's Armour Shop.
  9459 | D:9      | Identified the +5 dagger "Foudaugh" {vorpal, *Noise rF++
                  | Str+2}
  9467 | D:9      | Bought a +0 chain mail of positive energy for 136 gold
                  | pieces
  9615 | D:9      | Found Lilodeu's Antique Weapon Boutique.
  9654 | D:9      | Noticed a boulder beetle
  9688 | D:9      | Killed a boulder beetle
  9688 | D:9      | Reached *** piety under Okawaru
  9898 | D:9      | Found Ezxaunao's Magic Scroll Shop.
  9907 | D:9      | Bought a scroll of identify for 22 gold pieces
  9907 | D:9      | Bought a scroll of brand weapon for 104 gold pieces
 10002 | D:9      | Reached skill level 5 in Invocations
 10108 | D:9      | Found Neiguah's Antique Weapon Emporium.
 10132 | D:9      | Bought a runed shortbow for 156 gold pieces
 10689 | D:11     | Noticed Grum
 10711 | D:11     | Killed Grum
 10796 | D:11     | Noticed a six-headed hydra
 10875 | D:11     | HP: 3/92 [ice devil[an obsidian statue] (17)]
 10876 | D:11     | Succumbed to an orange demon's poison

Illustrated notes

Levels and vault maps discovered:
D:1:      spicycebolla_arrival_risky_transporter, layout_basic, serial_shops,
          shop_coins, ebering_ecumenical_altar_hall,
          amcnicky_mini_corridor_feature
D:2:      minmay_general_purpose_star, layout_loops_ring
D:3:      layout_basic, ebering_ghost_sewer_d, nicolae_elevator_lobby_asterisk
D:4:      layout_cave_pods
D:5:      layout_cave_pools, minmay_temple_entry_nine_rooms, uniq_pikel,
          uniq_duvessa
D:6:      layout_basic, lemuel_crystal_altar, mainiacjoe_overflow_tiny_flanked,
          minivault_26
D:7:      layout_gridville, trog_three_pillars_becter, minmay_misc_feat_rugged,
          lemuel_flamethrower_2
D:8:      layout_basic, mainiacjoe_overflow_chevrons,
          lemuel_coloured_pillars_altar, uniq_psyche
D:9:      layout_small_grid, serial_shops, shop_coins, nicolae_square_shop,
          nicolae_lakefront_shop, nicolae_shop_trees, water_boxes_lemuel
D:10:     layout_loops_ring, david_orc_3
D:11:     layout_basic, erik_lair_orcish_takeover, minivault_16, uniq_grum,
          uniq_lodul, uniq_josephine
Temple:   nicolae_temple_bog_church

Skill      XL: |  1  2  3  4  5  6  7  8  9 10 11 |
---------------+----------------------------------+-----
Fighting       | 4 5 6 7 8 10 | 10.7
Axes           | 3 4 |  4.9
Polearms       | 3 5 7 9 |  9.9
Invocations    | 3 5 |  5.8
Armour         | 6 9 |  9.0
Shields        | |  4.0

Action                   |  1- 3 |  4- 6 |  7- 9 | 10-12 || total
-------------------------+-------+-------+-------+-------++-------
Melee: War axe           |   100 |       |       |       ||   100
       Hand axe          |    38 |    88 |       |       ||   126
       Trident           |       |    43 |   190 |   316 ||   549
Invok: Heroism           |       |       |       |     1 ||     1
Evoke: Wand              |       |       |       |    15 ||    15
  Use: Scroll            |       |    10 |     8 |     5 ||    23
       Potion            |       |     1 |     1 |     6 ||     8
 Stab: Distracted        |       |       |       |     1 ||     1
Armor: Scale mail        |    73 |    36 |    67 |    41 ||   217
       Chain mail        |       |       |       |    36 ||    36
Dodge: Dodged            |    74 |    39 |    53 |    73 ||   239
Block: Buckler           |    37 |    22 |    51 |    62 ||   172
